3A
COLUMBIA RIVER RATS @ ROCKY MOUNTAIN VIBES
08/31/2034
 
TOP OF THE 1ST
Columbia River Rats batting - Pitching for Rocky Mountain Vibes : RHP Hong-yeol Chang
Pitching: RHP Hong-yeol Chang
Batting: LHB Bruce Webster 0-0: Fly out, F5 (Popup, 5)
Batting: LHB Kevin McIndeor 0-0: Called Strike
0-1: Ball
1-1: Foul Ball, location: 2F
1-2: Ball
2-2: Foul Ball, location: 2F
2-2: SINGLE (Line Drive, 7S)
Batting: SHB Brian Burt 0-0: Ball
1-0: Ball
2-0: Swinging Strike
2-1: SINGLE (Line Drive, 8LS)
Kevin McIndeor to second
Batting: RHB Don Skerrett 0-0: Foul Ball, location: 2F
0-1: Ball
1-1: Swinging Strike
1-2: Foul Ball, location: 2F
1-2: Foul Ball, location: 2F
1-2: Strikes out swinging
Batting: RHB Tyler Marés 0-0: Called Strike
0-1: Swinging Strike
0-2: Ball
1-2: Foul Ball, location: 2F
1-2: Strikes out swinging
Top of the 1st over - 0 runs, 2 hits, 0 errors, 2 left on base; Columbia 0 - Rocky Mountain 0
BOTTOM OF THE 1ST
Rocky Mountain Vibes batting - Pitching for Columbia River Rats : RHP Denver Chamberlain
Pitching: RHP Denver Chamberlain
Batting: LHB Q' Drennan 0-0: Ball
1-0: Ball
2-0: Bunted foul
2-1: Ball
3-1: Foul Ball, location: 2F
3-2: Foul Ball, location: 2F
3-2: Foul Ball, location: 2F
3-2: Foul Ball, location: 2F
3-2: Ground out 3-1 (Groundball, 34)
Batting: RHB Harley Colman 0-0: Foul Ball, location: 2F
0-1: Ball
1-1: Called Strike
1-2: Foul Ball, location: 2F
1-2: Ball
2-2: Ground out 1-3 (Groundball, 15S)
Batting: RHB Brook Linen 0-0: Called Strike
0-1: Swinging Strike
0-2: Ball
1-2: Strikes out swinging
Bottom of the 1st over - 0 runs, 0 hits, 0 errors, 0 left on base; Columbia 0 - Rocky Mountain 0
TOP OF THE 2ND
Columbia River Rats batting - Pitching for Rocky Mountain Vibes : RHP Hong-yeol Chang
Batting: RHB Zi-cheng Sun 0-0: SINGLE (Groundball, 34D)
Batting: SHB Wren Driscoll 0-0: Ball
1-0: Ball
2-0: Called Strike
2-1: Foul Ball, location: 2F
2-2: Ball
3-2: Foul Ball, location: 2F
3-2: Base on Balls
Zi-cheng Sun to second
Batting: SHB Daniel Brewer 0-0: Foul Ball, location: 2F
0-1: Ball
1-1: Ball
2-1: Called Strike
2-2: Ball
3-2: Foul Ball, location: 2F
3-2: Foul Ball, location: 2F
3-2: Fly out, F9 (Flyball, 89S)
Batting: RHB Troy Flynn 0-0: Ball
1-0: Swinging Strike
1-1: Swinging Strike
1-2: Strikes out swinging
Batting: LHB Bruce Webster 0-0: Fly out, F7 (Flyball, 7S)
Top of the 2nd over - 0 runs, 1 hit, 0 errors, 2 left on base; Columbia 0 - Rocky Mountain 0
BOTTOM OF THE 2ND
Rocky Mountain Vibes batting - Pitching for Columbia River Rats : RHP Denver Chamberlain
Batting: RHB Douglas von Bittenfeld 0-0: Foul Ball, location: 2F
0-1: Foul Ball, location: 2F
0-2: Ball
1-2: Foul Ball, location: 2F
1-2: Ball
2-2: TRIPLE (Flyball, 8RXD)
Batting: LHB Juan Carlos Vázquez 0-0: Ground out 4-3 (Groundball, 4)
Douglas von Bittenfeld scores
Batting: RHB Dennis Shaw 0-0: Fly out, F9 (Flyball, 9LS)
Batting: RHB Timo Zwiefelhofer 0-0: Called Strike
0-1: Called Strike
0-2: Ball
1-2: Ball
2-2: Ground out 6-3 (Groundball, 6)
Bottom of the 2nd over - 1 run, 1 hit, 0 errors, 0 left on base; Columbia 0 - Rocky Mountain 1
TOP OF THE 3RD
Columbia River Rats batting - Pitching for Rocky Mountain Vibes : RHP Hong-yeol Chang
Batting: LHB Kevin McIndeor 0-0: Ball
1-0: Called Strike
1-1: Ball
2-1: Ball
3-1: Bunt missed!
3-2: SINGLE (Line Drive, 34)
Batting: SHB Brian Burt 0-0: Ball
1-0: Ball
2-0: Ball
3-0: Foul Ball, location: 2F
3-1: Foul Ball, location: 2F
3-2: Foul Ball, location: 2F
3-2: Strikes out swinging
Kevin McIndeor is caught stealing 2nd base
Batter strikes out.
Batting: RHB Don Skerrett 0-0: Fly out, F9 (Flyball, 89D)
Top of the 3rd over - 0 runs, 1 hit, 0 errors, 0 left on base; Columbia 0 - Rocky Mountain 1
BOTTOM OF THE 3RD
Rocky Mountain Vibes batting - Pitching for Columbia River Rats : RHP Denver Chamberlain
Batting: SHB Chien-shih Dun 0-0: Called Strike
0-1: Ball
1-1: Ball
2-1: SINGLE (Groundball, 56D)
Batting: RHB Manuel Santos 0-0: SINGLE (Groundball, 56D)
Chien-shih Dun to second
Batting: LHB Q' Drennan 0-0: Called Strike
0-1: Ball
1-1: Foul Ball, location: 2F
1-2: Ball
2-2: Fielders Choice at 2nd, 3-6 (Groundball, 34)
Chien-shih Dun to third
Batting: RHB Harley Colman 0-0: Ball
Balk!
Chien-shih Dun scores
Q' Drennan to second
1-0: Ball
2-0: SINGLE (Groundball, 4D)
Q' Drennan to third
Batting: RHB Brook Linen 0-0: Called Strike
0-1: Foul Ball, location: 2F
0-2: Ball
1-2: SINGLE (Line Drive, 4MD)
Q' Drennan scores
Harley Colman to second
Batting: RHB Douglas von Bittenfeld 0-0: Called Strike
Harley Colman steals 3rd base
Brook Linen to second
0-1: Ball
1-1: Foul Ball, location: 2F
1-2: Ball
2-2: Foul Ball, location: 2F
2-2: Ball
3-2: Strikes out swinging
Batting: LHB Juan Carlos Vázquez 0-0: Ground out U3 (Groundball, 34)
Bottom of the 3rd over - 2 runs, 4 hits, 0 errors, 2 left on base; Columbia 0 - Rocky Mountain 3
TOP OF THE 4TH
Columbia River Rats batting - Pitching for Rocky Mountain Vibes : RHP Hong-yeol Chang
Batting: RHB Tyler Marés 0-0: Foul Ball, location: 2F
0-1: Ball
1-1: Ball
2-1: Ground out 5-3 (Groundball, 56S)
Batting: RHB Zi-cheng Sun 0-0: Called Strike
0-1: Ball
1-1: Ball
2-1: SINGLE (Groundball, 56D)
Batting: SHB Wren Driscoll 0-0: Ball
1-0: SINGLE (Line Drive, 4MD)
Zi-cheng Sun to second
Batting: SHB Daniel Brewer 0-0: Grounds into double play, 6-4-3 (Groundball, 6)
Top of the 4th over - 0 runs, 2 hits, 0 errors, 1 left on base; Columbia 0 - Rocky Mountain 3
BOTTOM OF THE 4TH
Rocky Mountain Vibes batting - Pitching for Columbia River Rats : RHP Denver Chamberlain
Batting: RHB Dennis Shaw 0-0: Ball
1-0: Foul Ball, location: 2F
1-1: Foul Ball, location: 2F
1-2: Foul Ball, location: 2F
1-2: Ball
2-2: Strikes out swinging
Batting: RHB Timo Zwiefelhofer 0-0: SINGLE (Groundball, 6MD)
Batting: SHB Chien-shih Dun 0-0: Foul Ball, location: 2F
0-1: Ball
1-1: Ball
2-1: Ball
3-1: Swinging Strike
3-2: Base on Balls
Timo Zwiefelhofer to second
Batting: RHB Manuel Santos 0-0: Ball
1-0: Ball
2-0: Ball
3-0: Called Strike
3-1: Foul Ball, location: 2F
3-2: Fly out, F7 (Line Drive, 7)
Batting: LHB Q' Drennan 0-0: Ball
1-0: Called Strike
1-1: Ball
2-1: Swinging Strike
2-2: SINGLE (Flyball, 78S)
Timo Zwiefelhofer to third
Chien-shih Dun to second
Runner from 3rd tries for Home, SAFE, no throw
Batting: RHB Harley Colman 0-0: Called Strike
0-1: Foul Ball, location: 2F
0-2: Ball
1-2: Ball
2-2: Ground out 4-3 (Groundball, 4)
Bottom of the 4th over - 1 run, 2 hits, 0 errors, 2 left on base; Columbia 0 - Rocky Mountain 4
TOP OF THE 5TH
Columbia River Rats batting - Pitching for Rocky Mountain Vibes : RHP Hong-yeol Chang
Batting: RHB Troy Flynn 0-0: Ball
1-0: SINGLE (Line Drive, 89M)
Batting: LHB Bruce Webster 0-0: Called Strike
0-1: Ball
1-1: Called Strike
1-2: Foul Ball, location: 2F
1-2: Ball
2-2: 2-RUN HOME RUN (Flyball, 9D), Distance : 396 ft
Batting: LHB Kevin McIndeor 0-0: Fly out, F7 (Line Drive, 7S)
Batting: SHB Brian Burt 0-0: Ball
1-0: Foul Ball, location: 2F
1-1: Foul Ball, location: 2F
1-2: Ball
2-2: Strikes out looking
Batting: RHB Don Skerrett 0-0: Called Strike
0-1: Foul Ball, location: 2F
0-2: Ball
1-2: SOLO HOME RUN (Line Drive, 7LD), Distance : 354 ft
Batting: RHB Tyler Marés 0-0: Swinging Strike
0-1: Ball
1-1: Ball
2-1: DOUBLE (Line Drive, 78D)
Batting: RHB Zi-cheng Sun 0-0: Ball
1-0: Ball
2-0: Swinging Strike
2-1: Called Strike
2-2: Ball
3-2: Foul Ball, location: 2F
3-2: Fly out, F9 (Flyball, 9S)
Top of the 5th over - 3 runs, 4 hits, 0 errors, 1 left on base; Columbia 3 - Rocky Mountain 4
BOTTOM OF THE 5TH
Rocky Mountain Vibes batting - Pitching for Columbia River Rats : RHP Denver Chamberlain
Batting: RHB Brook Linen 0-0: Swinging Strike
0-1: Ball
1-1: Ball
2-1: Foul Ball, location: 2F
2-2: Strikes out swinging
Batting: RHB Douglas von Bittenfeld 0-0: Ball
1-0: Swinging Strike
1-1: Ball
2-1: Ball
3-1: Swinging Strike
3-2: Strikes out swinging, 2-3 out at first.
Batting: LHB Juan Carlos Vázquez 0-0: Ball
1-0: Foul Ball, location: 2F
1-1: Foul Ball, location: 2F
1-2: Fly out, F7 (Flyball, 78D)
Bottom of the 5th over - 0 runs, 0 hits, 0 errors, 0 left on base; Columbia 3 - Rocky Mountain 4
TOP OF THE 6TH
Columbia River Rats batting - Pitching for Rocky Mountain Vibes : RHP Hong-yeol Chang
Batting: SHB Wren Driscoll 0-0: Foul Ball, location: 2F
0-1: Reached via error on a dropped throw, E3
Pitching: RHP George Johnstone
Batting: SHB Daniel Brewer 0-0: Ball
1-0: Ball
2-0: Ball
3-0: Called Strike
3-1: Called Strike
3-2: DOUBLE (Line Drive, 9LS)
Wren Driscoll to third
Batting: RHB Troy Flynn 0-0: Called Strike
0-1: Ball
1-1: Foul Ball, location: 2F
1-2: Foul Ball, location: 2F
1-2: DOUBLE (Line Drive, 7D)
Wren Driscoll scores
Daniel Brewer scores
Batting: LHB Bruce Webster 0-0: Fly out, F5 (Popup, 56S)
Batting: LHB Kevin McIndeor 0-0: Ball
1-0: Ball
2-0: Foul Ball, location: 2F
2-1: Foul Ball, location: 2F
2-2: Ball
3-2: Strikes out swinging
Batting: SHB Brian Burt 0-0: Called Strike
0-1: Ball
1-1: SINGLE (Groundball, 25) (infield hit)
Troy Flynn to third
Batting: RHB Don Skerrett 0-0: Foul Ball, location: 2F
0-1: Ball
1-1: Fielders Choice at 2nd, 5-4 (Groundball, 56)
Top of the 6th over - 2 runs, 3 hits, 1 error, 2 left on base; Columbia 5 - Rocky Mountain 4
BOTTOM OF THE 6TH
Rocky Mountain Vibes batting - Pitching for Columbia River Rats : RHP Denver Chamberlain
Pitching: RHP Dan Wilson
Batting: RHB Dennis Shaw 0-0: Foul Ball, location: 2F
0-1: Foul Ball, location: 2F
0-2: Ball
1-2: Strikes out swinging
Batting: RHB Timo Zwiefelhofer 0-0: Foul Ball, location: 2F
0-1: DOUBLE (Line Drive, 8LXD)
Batting: SHB Chien-shih Dun 0-0: Ground out 5-3 (Groundball, 56)
Batting: RHB Manuel Santos 0-0: Called Strike
0-1: Ball
1-1: Foul Ball, location: 2F
1-2: Foul Ball, location: 2F
1-2: Fly out, F9 (Flyball, 89S)
Bottom of the 6th over - 0 runs, 1 hit, 0 errors, 1 left on base; Columbia 5 - Rocky Mountain 4
TOP OF THE 7TH
Columbia River Rats batting - Pitching for Rocky Mountain Vibes : RHP George Johnstone
Batting: RHB Tyler Marés 0-0: Ball
1-0: Ball
2-0: Called Strike
2-1: Fly out, F7 (Flyball, 78D)
Batting: RHB Zi-cheng Sun 0-0: Ball
1-0: Ball
2-0: Ball
3-0: Called Strike
3-1: Foul Ball, location: 2F
3-2: Fly out, F9 (Flyball, 9LSF)
Batting: SHB Wren Driscoll 0-0: Ball
1-0: Foul Ball, location: 2F
1-1: Ground out 1-3 (Groundball, 15S)
Top of the 7th over - 0 runs, 0 hits, 0 errors, 0 left on base; Columbia 5 - Rocky Mountain 4
BOTTOM OF THE 7TH
Rocky Mountain Vibes batting - Pitching for Columbia River Rats : RHP Dan Wilson
Batting: LHB Q' Drennan 0-0: Ball
1-0: Foul Ball, location: 2F
1-1: Swinging Strike
1-2: Foul Ball, location: 2F
1-2: Strikes out looking
Batting: RHB Harley Colman 0-0: Foul Ball, location: 2F
0-1: Called Strike
0-2: Ball
1-2: DOUBLE (Line Drive, 7LS)
Batting: RHB Brook Linen 0-0: Ball
1-0: Ball
2-0: Ball
3-0: Base on Balls
Batting: RHB Douglas von Bittenfeld 0-0: Foul Ball, location: 2F
0-1: Foul Ball, location: 2F
0-2: Ball
1-2: Hit by Pitch
Harley Colman to third
Brook Linen to second
Batting: LHB Juan Carlos Vázquez 0-0: Ball
1-0: Ball
2-0: Called Strike
2-1: Ball
3-1: Base on Balls
Harley Colman scores
Brook Linen to third
Douglas von Bittenfeld to second
Batting: RHB Dennis Shaw 0-0: Called Strike
0-1: Called Strike
0-2: Foul Ball, location: 2F
0-2: Foul Ball, location: 2F
0-2: Ball
1-2: Strikes out looking
Batting: RHB Timo Zwiefelhofer 0-0: Ball
1-0: Called Strike
1-1: Foul Ball, location: 2F
1-2: Ball
2-2: Strikes out swinging
Bottom of the 7th over - 1 run, 1 hit, 0 errors, 3 left on base; Columbia 5 - Rocky Mountain 5
TOP OF THE 8TH
Columbia River Rats batting - Pitching for Rocky Mountain Vibes : RHP George Johnstone
Batting: SHB Daniel Brewer 0-0: SINGLE (Groundball, 34D)
Batting: RHB Troy Flynn 0-0: Ball
1-0: Foul Ball, location: 2F
1-1: Ball
2-1: Ball
3-1: Base on Balls
Daniel Brewer to second
Batting: LHB Bruce Webster 0-0: Sac Bunt - play at first, batter OUT! 3-4
Daniel Brewer to third
Troy Flynn to second
Batting: LHB Kevin McIndeor 0-0: Called Strike
0-1: Ball
1-1: Ball
2-1: Ball
3-1: Called Strike
3-2: SINGLE (Line Drive, 8RS)
Daniel Brewer scores
Troy Flynn to third
Runner from 3rd tries for Home, SAFE, no throw
Pitching: RHP Pedro Ortíz
Batting: SHB Brian Burt 0-0: Foul Ball, location: 2F
0-1: Foul Ball, location: 2F
0-2: Ball
1-2: Foul Ball, location: 2F
1-2: Strikes out looking
Kevin McIndeor is caught stealing 2nd base
Batter strikes out.
Top of the 8th over - 2 runs, 2 hits, 0 errors, 0 left on base; Columbia 7 - Rocky Mountain 5
BOTTOM OF THE 8TH
Rocky Mountain Vibes batting - Pitching for Columbia River Rats : RHP Dan Wilson
Batting: SHB Chien-shih Dun 0-0: Ball
1-0: Called Strike
1-1: Fly out, F6 (Line Drive, 6)
Batting: RHB Manuel Santos 0-0: Called Strike
0-1: Fly out, F4 (Line Drive, 4)
Batting: LHB Q' Drennan 0-0: Fly out, F5 (Popup, 5DF)
Bottom of the 8th over - 0 runs, 0 hits, 0 errors, 0 left on base; Columbia 7 - Rocky Mountain 5
TOP OF THE 9TH
Columbia River Rats batting - Pitching for Rocky Mountain Vibes : RHP Pedro Ortíz
Batting: RHB Don Skerrett 0-0: Swinging Strike
0-1: Ball
1-1: Foul Ball, location: 2F
1-2: Strikes out looking
Batting: RHB Tyler Marés 0-0: Called Strike
0-1: Ball
1-1: Ball
2-1: Foul Ball, location: 2F
2-2: Foul Ball, location: 2F
2-2: Foul Ball, location: 2F
2-2: Foul Ball, location: 2F
2-2: Strikes out swinging
Batting: RHB Zi-cheng Sun 0-0: Foul Ball, location: 2F
0-1: Ball
1-1: Ball
2-1: Fly out, F3 (Popup, 3S)
Top of the 9th over - 0 runs, 0 hits, 0 errors, 0 left on base; Columbia 7 - Rocky Mountain 5
BOTTOM OF THE 9TH
Rocky Mountain Vibes batting - Pitching for Columbia River Rats : RHP Dan Wilson
Pitching: RHP Wayne Quint
Batting: RHB Harley Colman 0-0: Ball
1-0: SINGLE (Groundball, 56D)
Batting: RHB Brook Linen 0-0: Ball
1-0: Called Strike
1-1: Foul Ball, location: 2F
1-2: Strikes out swinging
Batting: RHB Douglas von Bittenfeld 0-0: Ball
1-0: Swinging Strike
1-1: Ball
2-1: Foul Ball, location: 2F
2-2: Ball
3-2: Base on Balls
Harley Colman to second
Batting: LHB Juan Carlos Vázquez 0-0: Called Strike
0-1: Swinging Strike
0-2: Ball
1-2: Strikes out swinging
Batting: RHB Dennis Shaw 0-0: Called Strike
0-1: Ground out 1-3 (Groundball, 13)
Bottom of the 9th over - 0 runs, 1 hit, 0 errors, 2 left on base; Columbia 7 - Rocky Mountain 5
Friday, March 29th, 2019 - OOTP Baseball 18.8 Build 76